 Dungeon Crawl Stone Soup version 0.24.0-123-gd5b16e6ec5 (webtiles) character file.

Game seed: 8226276977101606190, levelgen mode: deterministic

9975 Ponchio the Thaumaturge (level 11, -7/54 HPs)
             Began as a Deep Elf Earth Elementalist on Feb 1, 2020.
             Was a Priest of Vehumet.
             Killed from afar by a wretched star (39 damage)
             ... with an orb of energy
             ... in a Gauntlet.
             The game lasted 00:59:59 (11707 turns).

Ponchio the Thaumaturge (DEEE)                     Turns: 11707, Time: 01:00:00

Health: -7/54      AC:  9    Str:  1    XL:     11   Next: 30%
Magic:  4/27       EV: 18    Int: 26    God:    Vehumet [***...]
Gold:   700        SH:  0    Dex: 15    Spells: 13/31 levels left

rFire    . . .     SeeInvis +   D - +8 falchion "Ogreslayer" {slice, rPois}
rCold    . . .     Gourm    .   (no shield)
rNeg     + . .     Faith    .   E - +1 robe {rN+}
rPois    +         Spirit   .   x - +2 hat {SInv}
rElec    .         Reflect  .   q - scarf {cloud immunity}
rCorr    .         Harm     .   (no gloves)
MR       +....     Rnd*Rage +   s - +1 pair of boots Stlth ++........NoTele +
                                (no amulet)
HPRegen  0.18/turn              o - ring of see invisible
MPRegen  0.20/turn              (no ring)

@: hasted, very quick
A: molten scales 1, [berserk 3], clever 1, [frail 2], [weak 2], [subdued magic
2]
a: Renounce Religion


You were in a Gauntlet.
You worshipped Vehumet.
Vehumet was most pleased with you.
You were not hungry.

You visited 3 branches of the dungeon, and saw 11 of its levels.
You also visited: Ossuary and Gauntlet.

You collected 700 gold pieces.

Inventory:

Hand Weapons
 u - a +3 short sword of speed
 D - the +8 falchion "Ogreslayer" (weapon) {slice, rPois}
   (You took it off an orc on level 7 of the Dungeon)

   It inflicts extra damage upon your enemies.
   It protects you from poison.
Missiles
 b - 179 stones (quivered)
Armour
 q - a scarf of cloud immunity (worn)
 s - a +1 pair of boots (worn)
 x - a +2 hat of see invisible (worn)
 E - a +1 robe of positive energy (worn)
Jewellery
 f - an uncursed ring of ice
 o - a ring of see invisible (left hand)
 y - the amulet of Lidd {Harm *Drain +Fly rElec rF+ Dex+3, unknown}
   (You found it in a Gauntlet)

   [amulet of harm]

   It increases damage dealt and taken.
   It affects your dexterity (+3).
   It protects you from fire.
   It insulates you from electricity.
   It lets you fly.
   It causes draining when unequipped.
Wands
 k - a wand of flame (10)
 r - a wand of random effects (8)
 A - a wand of polymorph (10)
 C - a wand of paralysis (10)
Scrolls
 c - a scroll of fear {unknown}
 h - 5 scrolls of teleportation
 j - 3 scrolls of amnesia
 p - a scroll of blinking
 z - 2 scrolls of remove curse
 B - a scroll of enchant weapon
 F - a scroll of fog
 G - a scroll of magic mapping {unknown}
Potions
 a - 3 potions of brilliance
 e - 3 potions of heal wounds
 g - 2 potions of berserk rage {unknown}
 i - 9 potions of curing
 l - 3 potions of mutation
 m - 5 potions of flight
 n - 3 potions of lignification {unknown}
 t - 5 potions of agility
 v - 3 potions of haste
 w - 2 potions of might {unknown}
Comestibles
 d - 18 rations


   Skills:
 - Level 7.9 Fighting
 + Level 8.7 Dodging
 - Level 2.4 Stealth
 + Level 10.9 Spellcasting
 + Level 4.6 Conjurations
 - Level 1.1 Transmutations
 - Level 2.4 Air Magic
 + Level 10.3 Earth Magic
 - Level 2.7 Poison Magic


You had 13 spell levels left.
You knew the following spells:

 Your Spells              Type           Power        Failure   Level  Hunger
a - Sandblast             Erth           #####.       0%          1    None
b - Passwall              Tmut/Erth      ####....     1%          2    None
c - Stone Arrow           Conj/Erth      ####..       1%          3    None
d - Petrify               Tmut/Erth      ####....     2%          4    None
e - Lee's Rapid Deconstr  Erth           #####.....   1%          5    ###....
f - Mephitic Cloud        Conj/Pois/Air  ###.....     1%          3    None

Your spell library contained the following spells:

 Spells                   Type           Power        Failure   Level  Hunger
 Beastly Appendage        Tmut           ##....       1%          1    None
 Sticks to Snakes         Tmut           ##......     2%          2    None
 Spider Form              Tmut/Pois      ###.......   3%          3    None
 Yara's Violent Unravell  Hex/Tmut       ##........   19%         5    ###....
 Ice Form                 Ice/Tmut       ##......     24%         4    None
 Bolt of Cold             Conj/Ice       ###.......   45%         6    #####..
 Blade Hands              Tmut           ##........   50%         5    ###....


Dungeon Overview and Level Annotations

Branches:
Dungeon (8/15)             Temple (1/1) D:5            Lair (2/6) D:8
Ossuary (visited)         Gauntlet (1/1)
  Swamp: Lair:2-4    Shoals: Lair:2-4     Snake: Lair:2-4    Spider: Lair:2-4

Altars:
Ashenzari
Cheibriados
Elyvilon
Fedhas
Gozag
Hepliaklqana
Kikubaaqudgha
Makhleb
Nemelex Xobeh
Okawaru
Qazlal
Ru
Sif Muna
Trog
Uskayaw
Vehumet
Wu Jian
Xom
Yredelemnul
Zin
The Shining One

Annotations:
Gauntlet 12 transporters, 11 runed translucent doors, exclusion: obsidian statue


Innate Abilities, Weirdness & Mutations

You are partially covered in molten scales. (AC +2)
Your mind is acute. (Int +2)
[You have an uncontrollable temper.]
[You are very frail. (-20% HP)]
[You are very weak. (Str -4)]
[Your spells are easier to cast, but less powerful.]


Message History

You see here a potion of mutation.
l - 3 potions of mutation (gained 1)
You see here a scroll labeled TEEMUTEOKKI.
G - a scroll labeled TEEMUTEOKKI The wretched star pulses with an eldritch light!
Your connection to magic feels subdued.
Your connection to magic feels more subdued.
You feel weaker. x2
There is a transporter here.
You enter the transporter and appear at another place.
The wretched star glows turbulently.
The orb of energy misses you.
The orb of energy explodes!
Evoke which item? (* to show all) (? for menu, Esc to quit)
Okay, then.
You barely miss the wretched star.
The wretched star is severely damaged.
The wretched star glows turbulently.
The orb of energy hits you!!!
Ouch! That really hurt!
You die...

#.#.. ..#.# ###.#.#######.#.###
#≈..............§§# ##
####8..©.©.©*@.©.©§.8#### ### 8#
#8##≈..............§§##8# #8#
#################################
..............≈∩≈................
.................................
###.###########.###########.#####
.t#.#..=.©)?Cy#.#....§....#.##^.}
..#.#..#^.^#=.#.##.##3#####.#..#^
..#.#.#######.#.##.##.##.##.##.##


You could see a wretched star, a spark wasp, a cyclops and a neqoxec.

Vanquished Creatures
  Gastronok (D:8)
  An oklob plant (Gauntlet)
  3 spiny frogs
  A komodo dragon (D:8)
  A queen bee (Gauntlet)
  3 blink frogs (Lair:1)
  A wyvern (D:8)
  Eustachio (D:6)
  4 yaks
  A basilisk (D:8)
  2 hungry ghosts (D:8)
  A steam dragon (D:8)
  An acid dragon (Gauntlet)
  A water moccasin (Lair:2)
  A porcupine (Lair:2)
  Duvessa (D:6)
  A black bear (D:8)
  An ice beast (D:7)
  2 orc warriors
  2 ogres (D:8)
  2 sky beasts
  4 phantoms
  2 crocodiles
  2 elf zombies (Ossuary)
  4 big kobolds
  4 bullfrogs
  Dowan (D:6)
  3 scorpions
  8 killer bees
  A howler monkey (D:4)
  5 crimson imps
  5 centaur zombies (Ossuary)
  A bullfrog zombie (D:8)
  2 jellies (D:7)
  6 hounds
  6 orc priests
  2 centaur skeletons
  5 orc wizards
  An iguana (D:4)
  Ijyb (D:4)
  9 worker ants
  3 hound zombies
  A hound skeleton (D:4)
  4 mummies
  A worker ant zombie (D:6)
  7 adders
  7 gnolls
  A howler monkey skeleton (D:4)
  3 shadow imps
  An ooze (D:4)
  6 adder zombies
  3 adder skeletons
  A worm (D:2)
  3 dart slugs
  8 leopard geckos
  20 orcs
  2 ball pythons (D:3)
  7 bats
  2 bat zombies (D:2)
  7 giant cockroaches
  4 gnoll zombies (Ossuary)
  32 goblins
  26 hobgoblins (D:3)
  2 jackals (D:8)
  3 quokkas
  2 frilled lizards
  2 goblin zombies (Ossuary)
  2 hobgoblin zombies (Ossuary)
  4 jackal zombies (Ossuary)
  18 kobolds
  2 kobold zombies (Ossuary)
  A leopard gecko zombie (D:7)
  A quokka skeleton (D:5)
  5 quokka zombies (Ossuary)
  7 rats
  5 rat zombies (Ossuary)
307 creatures vanquished.

Vanquished Creatures (others)
  2 demonic plants (Gauntlet)
2 creatures vanquished.

Grand Total: 309 creatures vanquished

Notes
Turn   | Place    | Note
-------+----------+-------------------------------------------
     0 | D:1      | Ponchio the Deep Elf Earth Elementalist began the quest for
                  | the Orb.
     0 | D:1      | Reached XP level 1. HP: 10/10 MP: 6/6
   453 | D:1      | Reached XP level 2. HP: 15/15 MP: 5/8
   973 | D:2      | Reached XP level 3. HP: 19/19 MP: 7/10
  1506 | D:2      | Learned a level 2 spell: Passwall
  1510 | D:2      | Learned a level 3 spell: Stone Arrow
  1732 | D:3      | Reached skill level 5 in Earth Magic
  1732 | D:3      | Reached XP level 4. HP: 24/24 MP: 9/12
  1746 | D:3      | Reached XP level 5. HP: 16/28 MP: 1/14
  1920 | D:3      | Reached skill level 5 in Spellcasting
  2022 | D:3      | Noticed a sky beast
  2032 | D:3      | Killed a sky beast
  2032 | D:3      | Reached XP level 6. HP: 26/32 MP: 8/16
  2286 | D:3      | Learned a level 4 spell: Petrify
  2292 | D:3      | Learned a level 5 spell: Lee's Rapid Deconstruction
  2364 | D:3      | Found a white marble altar of Elyvilon.
  2364 | D:3      | Found an opulent altar of Gozag.
  3175 | D:3      | Reached XP level 7. HP: 23/36 MP: 4/18
  3715 | D:4      | Noticed Ijyb
  3716 | D:4      | Killed Ijyb
  4027 | D:4      | Reached XP level 8. HP: 41/41 MP: 18/22
  4030 | D:4      | Gained mutation: Your mind is acute. (Int +2) [potion of
                  | mutation]
  4030 | D:4      | Gained mutation: You are partially covered in molten
                  | scales. (AC +2) [potion of mutation]
  4397 | D:4      | Found a shattered altar of Ashenzari.
  4399 | D:4      | Found a glowing golden altar of the Shining One.
  4399 | D:4      | Found a blossoming altar of Fedhas.
  4543 | D:5      | Entered Level 5 of the Dungeon
  4746 | D:5      | Found a staircase to the Ecumenical Temple.
  4861 | D:5      | Found a sand-covered staircase.
  4868 | Ossuary  | Entered an ossuary
  5172 | Ossuary  | Reached skill level 10 in Spellcasting
  5316 | D:5      | Reached skill level 10 in Earth Magic
  5424 | Temple   | Entered the Ecumenical Temple
  5464 | Temple   | Became a worshipper of Vehumet
  5685 | D:5      | Reached XP level 9. HP: 45/45 MP: 17/25
  6218 | D:6      | Found a snail-covered altar of Cheibriados.
  6444 | D:6      | Noticed Eustachio
  6450 | D:6      | Killed Eustachio
  6450 | D:6      | Reached skill level 1 in Fighting
  6523 | D:6      | Found an ornate altar of the Wu Jian Council.
  6569 | D:6      | Noticed Duvessa
  6570 | D:6      | Noticed Dowan
  6577 | D:6      | Killed Duvessa
  6579 | D:6      | Killed Dowan
  7003 | D:7      | Reached * piety under Vehumet
  7003 | D:7      | Offered knowledge of Shock by Vehumet.
  7241 | D:7      | Identified the +8 falchion "Ogreslayer" {slice, rPois}
  7674 | D:7      | Reached skill level 5 in Dodging
  8023 | D:8      | Reached skill level 5 in Fighting
  8203 | D:8      | Noticed Gastronok
  8217 | D:8      | Killed Gastronok
  8217 | D:8      | Reached XP level 10. HP: 10/61 MP: 7/26
  8557 | D:8      | Offered knowledge of Throw Frost by Vehumet.
  8560 | D:8      | Reached ** piety under Vehumet
  8982 | D:8      | Found a staircase to the Lair.
  9282 | D:8      | Offered knowledge of Mephitic Cloud by Vehumet.
  9337 | D:8      | Learned a level 3 spell: Mephitic Cloud
  9471 | Lair:1   | Entered Level 1 of the Lair of Beasts
  9537 | Lair:1   | Noticed a spiny frog
  9546 | Lair:1   | Killed a spiny frog
  9546 | Lair:1   | Reached skill level 1 in Conjurations
  9546 | Lair:1   | Reached skill level 1 in Poison Magic
  9733 | Lair:1   | Noticed a spiny frog
  9743 | Lair:1   | Killed a spiny frog
  9743 | Lair:1   | Reached skill level 1 in Air Magic
  9782 | Lair:1   | Reached XP level 11. HP: 31/68 MP: 18/27
 10010 | Lair:1   | Found a sparkling altar of Nemelex Xobeh.
 10802 | Lair:2   | Found a gate leading to a gauntlet.
 10813 | Gauntlet | Entered a Gauntlet
 10813 | Gauntlet | Found a transporter.
 10824 | Gauntlet | Found a transporter.
 10843 | Gauntlet | Found a transporter.
 10851 | Gauntlet | Found a transporter.
 10869 | Gauntlet | Found a transporter.
 10870 | Gauntlet | Noticed an obsidian statue
 10889 | Gauntlet | Found a transporter.
 10889 | Gauntlet | Noticed a ghost crab
 10921 | Gauntlet | Found a transporter.
 10926 | Gauntlet | Noticed a lindwurm
 10926 | Gauntlet | a wind drake changed into a lindwurm
 10927 | Gauntlet | Found a transporter.
 10927 | Gauntlet | Noticed a sea snake
 10927 | Gauntlet | a floating eye changed into a sea snake
 10929 | Gauntlet | Noticed an anaconda
 10929 | Gauntlet | a sea snake changed into an anaconda
 10930 | Gauntlet | Noticed an alligator
 10930 | Gauntlet | an anaconda changed into an alligator
 10931 | Gauntlet | Found a transporter.
 10935 | Gauntlet | Noticed an eight-headed hydra
 10935 | Gauntlet | an alligator changed into an eight-headed hydra
 10936 | Gauntlet | Noticed a great orb of eyes
 10936 | Gauntlet | an eight-headed hydra changed into a great orb of eyes
 10939 | Gauntlet | Noticed a five-headed hydra
 10939 | Gauntlet | a great orb of eyes changed into a five-headed hydra
 10941 | Gauntlet | Noticed an ice dragon
 10941 | Gauntlet | a five-headed hydra changed into an ice dragon
 10942 | Gauntlet | Noticed a fire dragon
 10942 | Gauntlet | an ice dragon changed into a fire dragon
 10943 | Gauntlet | Noticed an ettin
 10943 | Gauntlet | a fire dragon changed into an ettin
 10947 | Gauntlet | a lindwurm changed into a water nymph
 10955 | Gauntlet | Found a transporter.
 10955 | Gauntlet | Noticed a wretched star
 10964 | Gauntlet | Noticed an orb spider
 10964 | Gauntlet | a spiny frog changed into an orb spider
 10970 | Gauntlet | an orb spider changed into a basilisk
 10985 | Gauntlet | Found a transporter.
 10985 | Gauntlet | Noticed a green death
 10991 | Gauntlet | Found a transporter.
 10991 | Gauntlet | Found a transporter.
 10993 | Gauntlet | Found a transporter.
 10995 | Gauntlet | Found a large runed translucent door.
 10995 | Gauntlet | Found a large runed translucent door.
 10996 | Gauntlet | Found a large runed translucent door.
 10996 | Gauntlet | Found a large runed translucent door.
 11017 | Gauntlet | Found a transporter.
 11017 | Gauntlet | Noticed a catoblepas
 11025 | Gauntlet | Found a transporter.
 11076 | Gauntlet | Found a transporter.
 11077 | Gauntlet | Noticed an oklob plant
 11079 | Gauntlet | Found a runed translucent gate.
 11079 | Gauntlet | Found a runed translucent gate.
 11079 | Gauntlet | Found a runed translucent gate.
 11082 | Gauntlet | Found a large runed translucent door.
 11083 | Gauntlet | Found a large runed translucent door.
 11089 | Gauntlet | Found a large runed translucent door.
 11089 | Gauntlet | Found a large runed translucent door.
 11090 | Gauntlet | Found a large runed translucent door.
 11090 | Gauntlet | Found a large runed translucent door.
 11095 | Gauntlet | Found a large runed translucent door.
 11095 | Gauntlet | Found a large runed translucent door.
 11095 | Gauntlet | Found a runed translucent door.
 11095 | Gauntlet | Found a runed translucent door.
 11096 | Gauntlet | Found a large runed translucent door.
 11097 | Gauntlet | Found a large runed translucent door.
 11107 | Gauntlet | Found a large runed translucent door.
 11107 | Gauntlet | Found a large runed translucent door.
 11109 | Gauntlet | Found a transporter.
 11198 | Gauntlet | Noticed an iron giant
 11204 | Gauntlet | Identified Sif Muna's Collected Works on Unstable Ice
 11278 | Gauntlet | Reached *** piety under Vehumet
 11582 | Gauntlet | Killed an oklob plant
 11697 | Gauntlet | Noticed a two-headed ogre
 11698 | Gauntlet | Got a vibrating garnet amulet
 11706 | Gauntlet | Noticed a harpy
 11706 | Gauntlet | Noticed a spark wasp
 11707 | Gauntlet | Killed from afar by a wretched star

Levels and vault maps discovered:
D:1:      onia_arrival_pyramid, layout_loops_corners
D:2:      layout_rooms, serial_undead, serial_undead_d, serial_undead_b,
          serial_undead_c, serial_undead_a
D:3:      minmay_goblin_kobold_castle, layout_loops_ring,
          gammafunk_temple_overflow_wave
D:4:      minmay_chambers_of_threes, layout_loops_ring,
          gammafunk_temple_overflow_forgotten, first_ration, serial_glass,
          glass_columns_a, glass_columns_b, glass_columns_c, uniq_ijyb
D:5:      layout_basic, minmay_temple_entry_statues, gup_ossuary_entry_pyramid
D:6:      layout_gridville, kennysheep_mini, overflow_temple_1_default,
          uniq_duvessa, uniq_eustachio
D:7:      layout_basic
D:8:      layout_loops_ring, erik_lair_dragon, patterned_corridor,
          uniq_gastronok
Temple:   minmay_temple_curvy_branch
Lair:1:   layout_hall_layers, basic_altar, lemuel_fruit_fields,
          infiniplex_staircase_pool_2
Lair:2:   layout_cave_pods, gauntlet_entry_generic
Gauntlet: gammafunk_gauntlet_one_two_three [nicolae_gauntlet_arena_x,
          minmay_gauntlet_arena_make_your_own_arena,
          gammafunk_gauntlet_arena_open, nicolae_gauntlet_arena_grate_2,
          gammafunk_gauntlet_arena_mazey, gammafunk_gauntlet_arena_crates,
          gammafunk_gauntlet_arena_chambers, nicolae_gauntlet_arena_t_cross,
          gammafunk_gauntlet_arena_corners,
          nicolae_gauntlet_exit_dead_adventurers]

Skill      XL: |  1  2  3  4  5  6  7  8  9 10 11 |
---------------+----------------------------------+-----
Earth Magic    | 4 5 6 7 8 10 | 10.3
Spellcasting   | 4 5 6 8 10 | 10.9
Fighting       | 6 7 |  7.9
Dodging        | 7 8 |  8.7
Conjurations   | 3 4 |  4.6
Poison Magic   | 2 |  2.7
Air Magic      | 1 2 |  2.4
Stealth        | |  2.4
Transmutations | |  1.1

Action                   |  1- 3 |  4- 6 |  7- 9 | 10-12 || total
-------------------------+-------+-------+-------+-------++-------
Melee: Unarmed           |     1 |       |       |       ||     1
       Dagger            |    71 |     7 |       |       ||    78
       Short sword       |       |       |     4 |       ||     4
       Falchion          |       |       |       |     3 ||     3
 Cast: Sandblast         |    36 |    80 |   198 |    75 ||   389
       Lee's Rapid Decon |       |     1 |    22 |    23 ||    46
       Petrify           |       |       |     1 |       ||     1
       Stone Arrow       |       |       |       |     4 ||     4
       Mephitic Cloud    |       |       |       |     2 ||     2
  Use: Scroll            |     4 |       |    15 |     2 ||    21
       Potion            |       |       |     1 |     2 ||     3
 Stab: Sleeping          |     9 |     1 |     4 |     1 ||    15
  Eat: Chunk             |     2 |     5 |    15 |     4 ||    26
       Ration            |       |       |     1 |     3 ||     4
Armor: Robe              |    21 |     6 |    14 |     4 ||    45
Dodge: Dodged            |    53 |    32 |    30 |    38 ||   153
       Rpst.: Falchion   |       |       |       |    14 ||    14
